 Dungeon Crawl Stone Soup version 0.15-a0-1880-g53e602b (webtiles) character file.

39295 Kenran the Brawler (level 14, -1/92 HPs)
             Began as a Gargoyle Monk on July 5, 2014.
             Was the Champion of Makhleb.
             Slain by Snorg (16 damage)
             ... on Level 8 of the Lair of Beasts.
             The game lasted 01:20:52 (25924 turns).

Kenran the Brawler (Gargoyle Monk)                 Turns: 25924, Time: 01:20:52

HP  -1/92        AC 18     Str 17      XL: 14   Next:  5%
MP  14/14        EV 13     Int 11      God: Makhleb [******]
Gold 1330        SH  0     Dex 15      Spells:  0 memorised, 13 levels left

rFire  . . .     SeeInvis +       - Unarmed
rCold  + . .     Clarity  .     f - +0 leather armour
rNeg   + . .     rCorr    .     (no shield)
rPois  +         rRot     +     r - +2 helmet
rElec  +         Spirit   .     x - +0 cloak
SustAb .         Warding  .     (no gloves)
rMut   .         Stasis   .     t - +0 pair of boots
Gourm  .                        (no amulet)
MR     +....                    j - ring of protection from cold
                                q - ring of see invisible

@: flying, somewhat resistant to hostile enchantments, unstealthy
A: able to fly continuously, big wings, molten scales 1, negative energy
resistance 1, electricity resistance, unbreathing, petrification resistance, rot
immunity, AC +9
a: Stop Flying, Minor Destruction, Lesser Servant of Makhleb, Major Destruction,
Greater Servant of Makhleb, Renounce Religion


You were on level 8 of the Lair of Beasts.
You worshipped Makhleb.
Makhleb was exalted by your worship.
You were not hungry.

You visited 3 branches of the dungeon, and saw 18 of its levels.
You also visited: Bailey.

You collected 1330 gold pieces.

Inventory:

Armour
 f - a +0 leather armour (worn)
 r - a +2 helmet (worn)
 t - a +0 pair of boots (worn)
 x - a +0 cloak (worn)
Magical devices
 l - a wand of magic darts (10)
 u - a wand of draining (7)
 v - a wand of disintegration (8)
 w - a wand of invisibility (4)
 z - a wand of magic darts (0)
 C - a wand of disintegration (10)
Comestibles
 b - 10 bread rations
 c - 2 beef jerkies
 A - 15 royal jellies
Scrolls
 e - 2 scrolls of fog
 g - 14 scrolls of remove curse
 h - 2 scrolls of teleportation
 k - 8 scrolls of identify
 n - 4 scrolls of magic mapping
 p - 4 scrolls of enchant armour
 y - 4 scrolls of amnesia
 D - 2 scrolls of recharging
 H - 3 scrolls of enchant weapon
Jewellery
 j - a ring of protection from cold (right hand)
 q - a ring of see invisible (left hand)
 s - an uncursed ring of protection from magic
 K - a +1 ring of protection
 O - an uncursed ring of protection from magic
Potions
 a - 5 potions of brilliance
 d - 5 potions of curing
 i - 4 potions of restore abilities
 m - a potion of heal wounds
 o - 2 potions of invisibility
 B - a potion of haste
 E - a potion of degeneration {unknown}
 F - a potion of magic


   Skills:
 - Level 12.1 Fighting
 + Level 3.8 Dodging
 - Level 2.1 Stealth
 * Level 19.6 Unarmed Combat


You had 13 spell levels left.
You didn't know any spells.

Dungeon Overview and Level Annotations

Branches:
Dungeon (9/15)             Temple (1/1) D:6            Lair (8/8) D:9
 Shoals (0/5) Lair:3       Spider (0/5) Lair:5        Slime (0/6) Lair:7
    Orc: D:9-12

Altars:
Ashenzari
Cheibriados
Dithmenos
Elyvilon
Fedhas
Gozag
Kikubaaqudgha
Makhleb
Nemelex Xobeh
Okawaru
Qazlal
Sif Muna
Trog
Vehumet
Xom
Yredelemnul
Zin
The Shining One

Annotations:
D:8 Gastronok
Lair:8 Snorg


Innate Abilities, Weirdness & Mutations

You are resistant to torment.
You are immune to poison.
You can fly continuously.
Your stone body is very resilient (AC +9).
Your wings are large and strong.
You resist negative energy.
You are resistant to electric shocks.
You can survive without breathing.
You are immune to petrification.
You are immune to rotting.
You are partially covered in molten scales (AC +1).


Message History

You barely miss Snorg.
Snorg is heavily wounded.
Snorg bites you but does no damage. Snorg claws you but does no damage.
Snorg closely misses you.
You pummel Snorg!!
Snorg is severely wounded.
Snorg bites you! Snorg claws you. Snorg closely misses you.
You punch Snorg!
Snorg is almost dead.
You punch Snorg!
Snorg is almost dead.
Snorg goes berserk!
Snorg bites you!
* * * LOW HITPOINT WARNING * * *
Snorg barely misses you. Snorg claws you!
* * * LOW HITPOINT WARNING * * *
Drink which item? (? for menu, Esc to quit)
You feel much better. Snorg bites you!
* * * LOW HITPOINT WARNING * * *
Snorg claws you!
You die...

##.............................
#.............<................
##......#......#.#..........#PP
#.##..P..#.....####.##...P#....P
.P...#...#......#
#.##########P..
..........#....## #.# ##..
..........##....##.# #..
...#........P..##.# #..
#..##.....#.P..#@# #.. .
#.....#P..T### ##.
#....P.......# ##.
##PP............# #.#
....P...P...#.#### #..
...P.........## #..
..P.........P# #..
.............# #..
............## #P#


You could see Snorg (berserk).

Vanquished Creatures
  Fannar (Lair:8)
  4 hydras
  3 death yaks (Lair:3)
  Nergalle (Lair:4)
  14 elephants
  A mermaid (Lair:3)
  A griffon (Lair:5)
  3 black mambas
  A queen ant (Lair:3)
  12 spiny frogs
  5 komodo dragons
  A fire drake (Lair:5)
  A troll (D:9)
  A queen bee (Lair:8)
  Prince Ribbit (D:5)
  7 blink frogs
  A polar bear (Lair:5)
  2 basilisks
  3 sharks (Lair:3)
  25 yaks
  A tarantella (Lair:5)
  Eustachio (D:5)
  7 hippogriffs
  Grum (D:8)
  3 wargs (D:9)
  A steam dragon (D:8)
  8 soldier ants (Lair:3)
  12 wolves
  17 water moccasins
  9 porcupines
  5 ice beasts
  2 orc warriors (D:7)
  3 phantoms
  2 sky beasts
  A black bear (Lair:1)
  4 centaurs
  A boring beetle (Lair:8)
  3 big kobolds (D:9)
  12 crocodiles
  8 giant frogs
  A scorpion (D:6)
  A yak zombie (D:8)
  31 killer bees
  An eye of draining (D:9)
  An electric eel (Lair:3)
  The ghost of Kenran the Insei, a weakling GrMo of Makhleb (D:4)
  3 crimson imps
  A goliath beetle (D:7)
  2 jellies (D:5)
  A black bear zombie (D:9)
  4 gnoll shamans (D:3)
  7 orc priests
  Crazy Yiuf (D:6)
  A giant frog skeleton (D:3)
  10 hounds
  10 orc wizards
  7 spectral orcs (Lair:4)
  9 iguanas
  33 worker ants
  7 orange rats (Lair:7)
  27 sheep
  2 mummies
  A hound skeleton (D:7)
  A scorpion zombie (D:8)
  35 gnolls
  29 adders
  A gnoll zombie (D:4)
  20 green rats
  A giant mite (D:7)
  A shadow imp (D:6)
  5 worms
  2 oozes (D:2)
  48 orcs
  4 ball pythons
  18 bats
  16 hobgoblins
  26 jackals
  26 kobolds
  11 quokkas
  10 giant cockroaches
  5 giant geckos
  4 giant newts
  10 goblins
  A goblin skeleton (D:5)
  An orc zombie (D:9)
  A quokka zombie (D:7)
  13 rats
  8 fungi
  4 plants
652 creatures vanquished.

Vanquished Creatures (others)
  6 fungi (Lair:8)
  2 plants (Lair:8)
8 creatures vanquished.

Grand Total: 660 creatures vanquished

Notes
Turn   | Place    | Note
--------------------------------------------------------------
     0 | D:1      | Kenran, the Gargoyle Monk, began the quest for the Orb.
     0 | D:1      | Reached XP level 1. HP: 14/14 MP: 1/1
   157 | D:1      | Reached XP level 2. HP: 19/19 MP: 2/2
   605 | D:2      | Reached skill level 5 in Unarmed Combat
   605 | D:2      | Reached XP level 3. HP: 23/23 MP: 3/3
   998 | D:2      | Reached XP level 4. HP: 20/28 MP: 4/4
  1694 | D:3      | Reached skill level 6 in Unarmed Combat
  1694 | D:3      | Reached XP level 5. HP: 19/32 MP: 5/5
  2853 | D:3      | Reached skill level 7 in Unarmed Combat
  2861 | D:3      | Reached XP level 6. HP: 34/37 MP: 6/6
  3922 | D:3      | Reached skill level 8 in Unarmed Combat
  3928 | D:3      | Reached XP level 7. HP: 28/41 MP: 7/7
  4050 | D:3      | Noticed an ogre
  4226 | D:4      | Noticed Kenran's ghost (weakling GrMo)
  5636 | D:4      | Reached skill level 9 in Unarmed Combat
  5871 | D:4      | Killed Kenran's ghost
  6290 | D:4      | Reached XP level 8. HP: 39/46 MP: 8/8
  6523 | D:5      | Entered Level 5 of the Dungeon
  6531 | D:5      | Reached skill level 10 in Unarmed Combat
  7062 | D:5      | Noticed Eustachio
  7099 | D:5      | Killed Eustachio
  7355 | D:5      | Reached skill level 11 in Unarmed Combat
  7555 | D:5      | Noticed Prince Ribbit
  7598 | D:5      | Killed Prince Ribbit
  7909 | D:5      | Reached XP level 9. HP: 37/51 MP: 9/9
  8395 | D:6      | Reached skill level 12 in Unarmed Combat
  8809 | D:6      | Found a staircase to the Ecumenical Temple.
  8816 | Temple   | Entered the Ecumenical Temple
  8913 | Temple   | Became a worshipper of Makhleb the Destroyer
  8913 | Temple   | Acquired Makhleb's first power
  8913 | Temple   | Acquired Makhleb's second power
  9092 | D:6      | Noticed Crazy Yiuf
  9108 | D:6      | Killed Crazy Yiuf
  9768 | D:7      | Found a bloodstained altar of Trog.
  9835 | D:7      | Reached skill level 13 in Unarmed Combat
 10607 | D:7      | Acquired Makhleb's third power
 10742 | D:8      | Noticed Grum
 10889 | D:8      | Reached XP level 10. HP: 18/56 MP: 10/10
 11298 | D:8      | Reached skill level 14 in Unarmed Combat
 11852 | D:8      | Found a bloodstained altar of Trog.
 11859 | D:8      | Noticed Gastronok
 12401 | D:8      | Killed Grum
 12739 | D:9      | Found a staircase to the Lair.
 12761 | D:9      | Acquired Makhleb's fourth power
 13027 | D:9      | Reached skill level 5 in Fighting
 13033 | D:9      | Found a flagged portal.
 13043 | Bailey   | Entered a bailey
 13744 | D:9      | Acquired Makhleb's fifth power
 14023 | D:9      | Reached XP level 11. HP: 41/69 MP: 11/11
 14458 | Lair:1   | Entered Level 1 of the Lair of Beasts
 14757 | Lair:1   | Reached skill level 10 in Fighting
 16684 | Lair:2   | HP: 2/73 [komodo dragon (4)]
 17139 | Lair:3   | Reached skill level 15 in Unarmed Combat
 18000 | Lair:3   | Reached XP level 12. HP: 78/80 MP: 12/12
 18188 | Lair:3   | Found a staircase to the Shoals.
 18393 | Lair:3   | Reached skill level 16 in Unarmed Combat
 18658 | Lair:3   | Gained mutation: You are partially covered in molten scales (AC +1). [potion of beneficial mutation]
 18884 | Lair:4   | Noticed Nergalle
 19367 | Lair:4   | Noticed a spectral orc warlord
 20017 | Lair:4   | Noticed a death yak
 20018 | Lair:4   | Noticed a death yak
 20018 | Lair:4   | Noticed a death yak
 20087 | Lair:4   | Noticed a spectral orc warlord
 20895 | Lair:5   | Found a hole to the Spider Nest.
 21179 | Lair:5   | Reached skill level 17 in Unarmed Combat
 21508 | Lair:5   | Noticed a four-headed hydra
 21524 | Lair:5   | Killed a four-headed hydra
 22098 | Lair:6   | Found a blossoming altar of Fedhas.
 22148 | Lair:6   | Reached XP level 13. HP: 86/86 MP: 13/13
 22962 | Lair:3   | Killed a death yak
 23001 | Lair:3   | Killed a death yak
 23001 | Lair:3   | Reached skill level 18 in Unarmed Combat
 23014 | Lair:3   | Killed a death yak
 23250 | Lair:4   | Killed Nergalle
 24043 | Lair:7   | Found a snail-covered altar of Cheibriados.
 24210 | Lair:7   | Found a staircase to the Slime Pits.
 24569 | Lair:8   | Entered Level 8 of the Lair of Beasts
 24925 | Lair:8   | Reached skill level 19 in Unarmed Combat
 25611 | Lair:8   | Gained mutation: Your wings are large and strong. [gargoyle growth]
 25611 | Lair:8   | Reached XP level 14. HP: 92/92 MP: 14/14
 25827 | Lair:8   | Noticed Fannar
 25882 | Lair:8   | Killed Fannar
 25905 | Lair:8   | Noticed Snorg
 25924 | Lair:8   | Slain by Snorg

Action                   |  1- 3 |  4- 6 |  7- 9 | 10-12 | 13-15 || total
-------------------------+-------+-------+-------+-------+-------++-------
Melee: Unarmed           |    84 |   340 |   701 |  1199 |   561 ||  2885
 Abil: Fly               |       |       |       |       |     1 ||     1
Evoke: Wand              |       |       |       |     4 |     3 ||     7
  Use: Scroll            |     2 |       |     8 |    19 |     2 ||    31
       Potion            |       |       |     1 |     6 |     1 ||     8
 Stab: Sleeping          |     3 |     1 |     2 |     3 |     1 ||    10
       Distracted        |       |       |       |     1 |       ||     1
       Fleeing           |       |       |       |     1 |       ||     1
